AoeStats
← Gregory176144

Arabia

510253713Analyzed
1v1 RM · 2d ago on Sep 30, 2026· 41m 59s· 2 players
Game mode
Random Map
Map size
Tiny (2 player)
Population
200
Speed
Normal
Resources
Standard
Victory
Conquest
Starting age
Dark Age
Ending age
Imperial Age
RankedLock teamsTeams togetherTeam positionsShared explorationLock speedFull tech treeHidden civsTurbo modeCheats
Victory
Defeat
🇦🇷 Mongols · Argentina
1352
+22
🇹🇼 Tatars · Taiwan
1436
-20
3000elo player
7:07 Loom
10:29 Feudal Age
11:11 Double-Bit Axe
15:37 Gold Mining
20:56 Castle Age
19:48 Fletching
22:15 Wheelbarrow
21:33 Crossbowman
22:23 Bodkin Arrow
28:08 Stone Mining
32:41 Bloodlines
32:32 Husbandry
33:55 Hand Cart
33:25 Town Watch
37:31 Imperial Age
35:54 Bow Saw
35:08 Light Cavalry
36:29 Scale Barding Armor
37:00 Silk Armor
37:32 Chain Barding Armor
38:56 Plate Barding Armor
39:38 Horse Collar
42:34 Forging
Gregory176144
7:40 Feudal Age
8:21 Double-Bit Axe
9:38 Horse Collar
12:13 Loom
15:08 Wheelbarrow
18:33 Castle Age
19:35 Bow Saw
19:48 Stone Mining
25:42 Stone Shaft Mining
26:51 Gold Mining
28:31 Gold Shaft Mining
29:30 Town Watch
30:03 Hand Cart
36:01 Imperial Age
34:34 Fletching
34:45 Padded Archer Armor
35:37 Ballistics
35:17 Bodkin Arrow
35:46 Husbandry
35:57 Bloodlines
35:56 Thumb Ring
36:54 Bracer
37:10 Leather Archer Armor
37:56 Chemistry
37:23 Parthian Tactics
36:19 Heavy Cavalry Archer
36:57 Elite Mangudai
37:58 Conscription
Connection lost

Rejoining the realm…

Still unreachable

The connection could not be restored.

Session expired

The server has moved on; the page needs a fresh start.